 Dungeon Crawl Stone Soup version 0.31-a0-152-g6aa68a64a1 (webtiles) character file.

Game seed: 4714824925619768391

3057 qw the Skirmisher (level 9, 0/86 HPs)
             Began as a Naga Hunter on June 9, 2023.
             Was a Follower of Okawaru.
             Slain by a wyvern (13 damage)
             ... on level 8 of the Dungeon.
             The game lasted 00:02:43 (7337 turns).

qw the Skirmisher (Naga Hunter)                     Turns: 7337, Time: 00:02:44

Health: 0/86       AC: 10    Str: 14    XL:     9   Next: 87%
Magic:  11/12      EV: 14    Int:  9    God:    Okawaru [*.....]
Gold:   399        SH:  0    Dex: 19    Spells: 8/8 levels left

rFire   . . .        Y - +0 arbalest
rCold   + . .        (shield currently unavailable)
rNeg    . . .        g - +1 leather armour {rC+}
rPois   +            (no helmet)
rElec   .            (no cloak)
rCorr   .            (no gloves)
SInv    +            (no barding)
Will    +....        (no amulet)
Stlth   +++          a - +4 ring of protection
HPRegen 0.34/turn    (no ring)
MPRegen 0.13/turn

%: no passive effects
@: about to teleport, short of breath, heroic, very slow
A: AC +3, large, see invisible, deformed body, poison resistance, slowness 2,
spit poison 1, naga tail 1
a: Spit Poison, Renounce Religion, Heroism


You were on level 8 of the Dungeon.
You worshipped Okawaru.
Okawaru was aware of your devotion.
You visited 2 branches of the dungeon, and saw 9 of its levels.

You collected 399 gold pieces.


Innate Abilities, Weirdness & Mutations

Your serpentine skin is tough. (AC +3)
You have supernaturally acute eyesight. (SInv)
Armour fits poorly on your strangely shaped body.
Your system is resistant to poisons. (rPois)
You cover ground very slowly.
You can spit poison.
You have a snake-like lower body.


   Skills:
 - Level 7.0(12.0) Fighting
 + Level 10.2(15.2) Ranged Weapons
 - Level 1.0(6.0) Armour
 - Level 3.1(8.1) Dodging
 - Level 1.5(6.5) Stealth
 - Level 4.0 Invocations


You had 8 spell levels left.
You didn't know any spells.
Your spell library was empty.

Inventory:

Hand Weapons
 Y - a +0 arbalest (weapon)
Armour
 g - a +1 leather armour of cold resistance (worn)
 j - +0 steam dragon scales
Jewellery
 a - a +4 ring of protection (left hand)
Scrolls
 b - a scroll of identify
 i - a scroll of teleportation
Potions
 c - a potion of curing
 e - a potion of mutation {unknown}
 f - a potion of resistance
 h - 2 potions of haste
 l - a potion of might {unknown}

Dungeon Overview and Level Annotations

Branches:
Dungeon (8/15)             Temple (1/1) D:6
   Lair: D:8-11

Altars:
Ashenzari
Elyvilon
Fedhas
Kikubaaqudgha
Nemelex Xobeh
Okawaru
Qazlal
Ru
Sif Muna
Trog
Vehumet
Wu Jian
Xom
Yredelemnul
Zin
The Shining One

Portals:
Bailey: D:8


Message History

Press: ? - help, Shift-Dir - straight line, f/p - wyvern The splash of poison misses the wyvern.
You hear the steady creaking of a very distant portcullis.
The wyvern barely misses you.
You shoot a bolt.
The bolt hits the wyvern but does no damage.
The wyvern bites you!
The wyvern bites you but does no damage.
The wyvern bites you.
7330 ||| INVOKING Heroism.
You gain the combat prowess of a mighty hero.
The wyvern closely misses you.
You shoot a bolt. The bolt barely misses the wyvern.
The wyvern bites you but does no damage.
The wyvern bites you!
You shoot a bolt. The bolt closely misses the wyvern.
The wyvern bites you.
The wyvern bites you but does no damage.
You shoot a bolt. The bolt hits the wyvern!
The wyvern is heavily wounded.
You have got your breath back.
The wyvern closely misses you. x2
7334 ||| INVOKING Spit Poison.
Aiming: Spit Poison (1% risk of failure)
Press: ? - help, Shift-Dir - straight line, f/p - wyvern The splash of poison hits the wyvern but does no damage.
The wyvern is poisoned.
The wyvern is moderately wounded.
The wyvern hisses menacingly.
The wyvern bites you!
You shoot a bolt. The bolt closely misses the wyvern.
The wyvern bites you! The wyvern bites you.
7336 ||| READING 2 scrolls of teleportation.
As you read the scroll of teleportation, it crumbles to dust.
You feel strangely unstable. The wyvern barely misses you.
You shoot a bolt. The bolt hits the wyvern!
The wyvern is almost dead.
The wyvern closely misses you. The wyvern bites you!
You die...

###########
#.l........ #@# #.#
#.# #.# #.# #.#
####.###.###.#
#............#
#.##.###.##..# #.##.#
#.##..#
#.##.###.##..########
#.##...............).
#.####...############


You could see a wyvern (poisoned).

Vanquished Creatures
  Sigmund (D:4)
  A steam dragon (D:6)
  Menkaure (D:4)
  A water moccasin (D:8)
  2 ice beasts (D:7)
  A black bear (D:6)
  4 centaurs
  5 phantoms
  2 scorpions
  4 bullfrogs
  A gnoll sergeant (D:7)
  5 killer bees (D:7)
  2 electric eels (D:6)
  A howler monkey (D:6)
  A gnoll bouda (D:7)
  2 jellies
  An orc priest (D:4)
  5 hounds
  2 sleepcaps
  Jessica (D:3)
  6 iguanas
  2 orc wizards
  7 gnolls (D:7)
  8 adders
  2 white imps
  2 ufetubi (D:5)
  3 worms
  6 dart slugs
  23 orcs
  9 ball pythons
  A bat (D:2)
  4 endoplasms
  10 giant cockroaches (D:2)
  10 hobgoblins
  7 kobolds
  2 quokkas
  4 frilled lizards
  9 goblins
  7 rats
165 creatures vanquished.

Notes
Turn   | Place    | Note
-------+----------+-------------------------------------------
     0 | D:1      | qw the Naga Hunter began the quest for the Orb.
     0 | D:1      | Reached XP level 1. HP: 19/19 MP: 1/1
     0 | D:1      | 0 ||| qw: Version: 0.2-a-122-gbc61b45
     0 | D:1      | 0 ||| qw: Game counter: 3370
     0 | D:1      | 0 ||| qw: Always use a shield: true
     0 | D:1      | 0 ||| qw: God list: Okawaru
     0 | D:1      | 0 ||| qw: Allow faded altars: false
     0 | D:1      | 0 ||| qw: Do Orc after D:15 true
     0 | D:1      | 0 ||| qw: Do second Lair branch before Depths: true
     0 | D:1      | 0 ||| qw: Lair rune preference: random
     0 | D:1      | 0 ||| qw: Plans: Normal
     0 | D:1      | 0 ||| PLANNING D:1-11
    48 | D:1      | 48 ||| INVOKING Spit Poison.
    52 | D:1      | 52 ||| INVOKING Spit Poison.
    88 | D:1      | 88 ||| INVOKING Spit Poison.
    94 | D:1      | 94 ||| INVOKING Spit Poison.
   100 | D:1      | 100 ||| INVOKING Spit Poison.
   101 | D:1      | Reached skill level 4 in Ranged Weapons
   101 | D:1      | Reached XP level 2. HP: 26/26 MP: 2/2
   154 | D:1      | 154 ||| INVOKING Spit Poison.
   181 | D:1      | 181 ||| INVOKING Spit Poison.
   204 | D:1      | 204 ||| INVOKING Spit Poison.
   205 | D:1      | 205 ||| INVOKING Spit Poison.
   216 | D:1      | 216 ||| INVOKING Spit Poison.
   407 | D:1      | 407 ||| INVOKING Spit Poison.
   495 | D:1      | 495 ||| READING scroll labelled DEGA MIREMI.
   498 | D:1      | 498 ||| DROPPING scroll of butterflies.
   596 | D:2      | 596 ||| INVOKING Spit Poison.
   619 | D:2      | 619 ||| INVOKING Spit Poison.
   624 | D:2      | 624 ||| INVOKING Spit Poison.
   628 | D:2      | 628 ||| INVOKING Spit Poison.
   631 | D:2      | 631 ||| INVOKING Spit Poison.
   632 | D:2      | 632 ||| INVOKING Spit Poison.
   635 | D:2      | Reached XP level 3. HP: 21/32 MP: 3/3
   715 | D:2      | 715 ||| INVOKING Spit Poison.
   720 | D:2      | 720 ||| INVOKING Spit Poison.
   723 | D:2      | 723 ||| INVOKING Spit Poison.
   729 | D:2      | 729 ||| INVOKING Spit Poison.
   732 | D:2      | 732 ||| INVOKING Spit Poison.
   779 | D:2      | 779 ||| INVOKING Spit Poison.
   784 | D:2      | 784 ||| INVOKING Spit Poison.
   790 | D:2      | 790 ||| INVOKING Spit Poison.
   847 | D:2      | 847 ||| INVOKING Spit Poison.
   851 | D:2      | 851 ||| INVOKING Spit Poison.
   920 | D:2      | 920 ||| INVOKING Spit Poison.
   956 | D:2      | 956 ||| INVOKING Spit Poison.
  1043 | D:2      | 1043 ||| INVOKING Spit Poison.
  1072 | D:2      | 1072 ||| INVOKING Spit Poison.
  1096 | D:2      | 1096 ||| INVOKING Spit Poison.
  1102 | D:2      | 1102 ||| INVOKING Spit Poison.
  1119 | D:2      | 1119 ||| INVOKING Spit Poison.
  1120 | D:2      | Reached skill level 5 in Ranged Weapons
  1203 | D:2      | 1203 ||| UPGRADING to +4 ring of protection.
  1204 | D:2      | 1204 ||| READING scroll labelled ESEJEM SACIZ.
  1205 | D:2      | 1205 ||| READING scroll labelled REEBUR UFROUMU.
  1237 | D:3      | 1237 ||| INVOKING Spit Poison.
  1238 | D:3      | Reached XP level 4. HP: 39/39 MP: 4/4
  1241 | D:3      | 1241 ||| INVOKING Spit Poison.
  1255 | D:3      | 1255 ||| INVOKING Spit Poison.
  1328 | D:3      | 1328 ||| INVOKING Spit Poison.
  1363 | D:3      | 1363 ||| INVOKING Spit Poison.
  1391 | D:3      | 1391 ||| INVOKING Spit Poison.
  1411 | D:3      | Found a shimmering altar of Xom.
  1466 | D:3      | Identified the +8 spear of Immorality {flame, rPois rF+++
                  | rC+ Str-2}
  1538 | D:3      | 1538 ||| INVOKING Spit Poison.
  1557 | D:3      | Noticed Jessica
  1558 | D:3      | 1558 ||| INVOKING Spit Poison.
  1559 | D:3      | Killed Jessica
  1560 | D:3      | Reached skill level 3 in Fighting
  1592 | D:3      | You fall into a shaft and drop 3 floors!
  1658 | D:6      | 1658 ||| INVOKING Spit Poison.
  1661 | D:6      | 1661 ||| INVOKING Spit Poison.
  1666 | D:6      | 1666 ||| INVOKING Spit Poison.
  1667 | D:6      | Reached XP level 5. HP: 49/49 MP: 5/5
  1700 | D:6      | 1700 ||| READING scroll labelled NINGEI LECIWKO.
  1701 | D:6      | 1701 ||| PLANNING TEMPLE
  1701 | D:6      | 1701 ||| READING scroll labelled JAUSMI NEKHLUG.
  1702 | D:6      | 1702 ||| DRINKING 2 bubbling purple potions.
  1703 | D:6      | 1703 ||| DRINKING 2 red potions.
  1704 | D:6      | 1704 ||| DRINKING 2 sedimented orange potions.
  1705 | D:6      | 1705 ||| DROPPING potion of attraction.
  1706 | D:6      | 1706 ||| DROPPING potion of enlightenment.
  1715 | D:6      | 1715 ||| INVOKING Spit Poison.
  1723 | D:6      | 1723 ||| INVOKING Spit Poison.
  1770 | D:6      | Found a staircase to the Ecumenical Temple.
  1778 | Temple   | Entered the Ecumenical Temple
  1946 | Temple   | 1946 ||| PLANNING OKAWARU WORSHIP
  1951 | Temple   | Became a worshipper of Warmaster Okawaru
  1951 | Temple   | 1951 ||| PLANNING D:1-11
  1995 | D:6      | Noticed a black bear
  1996 | D:6      | 1996 ||| INVOKING Spit Poison.
  2000 | D:6      | 2000 ||| INVOKING Spit Poison.
  2005 | D:6      | Killed a black bear
  2006 | D:6      | Reached skill level 6 in Ranged Weapons
  2006 | D:6      | Reached XP level 6. HP: 19/56 MP: 6/6
  2141 | D:5      | Entered Level 5 of the Dungeon
  2198 | D:5      | 2198 ||| INVOKING Spit Poison.
  2215 | D:5      | 2215 ||| SWAPPING to +0 orcbow.
  2216 | D:5      | 2216 ||| DROPPING +0 shortbow.
  2221 | D:5      | 2221 ||| INVOKING Spit Poison.
  2222 | D:5      | Reached * piety under Okawaru
  2227 | D:4      | Noticed Sigmund
  2228 | D:4      | 2228 ||| INVOKING Heroism.
  2229 | D:4      | 2229 ||| INVOKING Spit Poison.
  2236 | D:4      | 2236 ||| INVOKING Spit Poison.
  2236 | D:4      | Killed Sigmund
  2237 | D:4      | Reached XP level 7. HP: 43/64 MP: 4/7
  2239 | D:4      | 2239 ||| INVOKING Heroism.
  2244 | D:4      | Reached skill level 7 in Ranged Weapons
  2244 | D:4      | Reached skill level 1 in Invocations
  2331 | D:4      | 2331 ||| INVOKING Spit Poison.
  2332 | D:4      | 2332 ||| INVOKING Spit Poison.
  2338 | D:4      | 2338 ||| INVOKING Heroism.
  2489 | D:3      | 2489 ||| INVOKING Spit Poison.
  2511 | D:3      | 2511 ||| INVOKING Spit Poison.
  2527 | D:3      | 2527 ||| INVOKING Spit Poison.
  2610 | D:3      | 2610 ||| INVOKING Spit Poison.
  2614 | D:3      | 2614 ||| INVOKING Spit Poison.
  2772 | D:4      | 2772 ||| INVOKING Spit Poison.
  2813 | D:4      | 2813 ||| INVOKING Spit Poison.
  2816 | D:4      | 2816 ||| INVOKING Heroism.
  2817 | D:4      | 2817 ||| INVOKING Spit Poison.
  2817 | D:4      | HP: 16/64 [centaur/arrow (7)]
  2818 | D:4      | 2818 ||| READING 2 scrolls of teleportation.
  2987 | D:4      | 2987 ||| INVOKING Spit Poison.
  2992 | D:4      | Reached XP level 8. HP: 70/72 MP: 10/10
  3001 | D:4      | 3001 ||| INVOKING Spit Poison.
  3007 | D:4      | 3007 ||| INVOKING Spit Poison.
  3018 | D:4      | 3018 ||| INVOKING Spit Poison.
  3031 | D:4      | Identified the +1 robe of Nawubet {Int+4}
  3036 | D:4      | 3036 ||| INVOKING Spit Poison.
  3037 | D:4      | Reached skill level 3 in Invocations
  3038 | D:4      | 3038 ||| INVOKING Heroism.
  3040 | D:4      | 3040 ||| INVOKING Spit Poison.
  3048 | D:4      | 3048 ||| INVOKING Spit Poison.
  3138 | D:4      | 3138 ||| INVOKING Spit Poison.
  3141 | D:4      | 3141 ||| INVOKING Spit Poison.
  3182 | D:4      | Noticed Menkaure
  3183 | D:4      | 3183 ||| INVOKING Heroism.
  3191 | D:4      | Killed Menkaure
  3258 | D:4      | 3258 ||| INVOKING Spit Poison.
  3276 | D:4      | Found a radiant altar of Vehumet.
  3276 | D:4      | Found an ancient bone altar of Kikubaaqudgha.
  3279 | D:4      | Found a shimmering blue altar of Sif Muna.
  3348 | D:4      | 3348 ||| INVOKING Spit Poison.
  3500 | D:4      | Reached skill level 8 in Ranged Weapons
  3504 | D:4      | 3504 ||| INVOKING Spit Poison.
  3641 | D:4      | 3641 ||| UPGRADING to +1 robe of Nawubet {Int+4}.
  3651 | D:4      | 3651 ||| DROPPING +0 leather armour.
  3652 | D:4      | 3652 ||| READING scroll labelled UPSUHA JIGGEFUSKI.
  3653 | D:4      | 3653 ||| DRINKING 2 fuming dark potions.
  3692 | D:4      | 3692 ||| DROPPING potion of lignification.
  3779 | D:5      | 3779 ||| INVOKING Spit Poison.
  3871 | D:5      | 3871 ||| INVOKING Spit Poison.
  3878 | D:5      | 3878 ||| INVOKING Spit Poison.
  3933 | D:5      | 3933 ||| INVOKING Spit Poison.
  3943 | D:5      | 3943 ||| INVOKING Spit Poison.
  3948 | D:5      | 3948 ||| INVOKING Spit Poison.
  3952 | D:5      | 3952 ||| INVOKING Spit Poison.
  3990 | D:5      | 3990 ||| INVOKING Spit Poison.
  4016 | D:5      | 4016 ||| INVOKING Spit Poison.
  4097 | D:5      | 4097 ||| INVOKING Spit Poison.
  4339 | D:5      | 4339 ||| INVOKING Spit Poison.
  4368 | D:5      | 4368 ||| INVOKING Spit Poison.
  4407 | D:5      | 4407 ||| INVOKING Heroism.
  4575 | D:5      | 4575 ||| READING scroll labelled ZAEXUNLUGE.
  4630 | D:6      | 4630 ||| INVOKING Spit Poison.
  4634 | D:6      | 4634 ||| INVOKING Spit Poison.
  4743 | D:6      | 4743 ||| INVOKING Spit Poison.
  4751 | D:6      | 4751 ||| INVOKING Spit Poison.
  4782 | D:6      | 4782 ||| INVOKING Spit Poison.
  4788 | D:6      | 4788 ||| INVOKING Spit Poison.
  4793 | D:6      | 4793 ||| INVOKING Spit Poison.
  4794 | D:6      | 4794 ||| INVOKING Heroism.
  4797 | D:6      | 4797 ||| INVOKING Spit Poison.
  5121 | D:6      | 5121 ||| INVOKING Spit Poison.
  5157 | D:6      | 5157 ||| INVOKING Spit Poison.
  5269 | D:6      | 5269 ||| INVOKING Heroism.
  5270 | D:6      | 5270 ||| INVOKING Spit Poison.
  5274 | D:6      | Reached skill level 9 in Ranged Weapons
  5274 | D:6      | Reached XP level 9. HP: 62/81 MP: 9/12
  5274 | D:6      | 5274 ||| INVOKING Spit Poison.
  5278 | D:6      | 5278 ||| INVOKING Spit Poison.
  5477 | D:6      | 5477 ||| INVOKING Heroism.
  5478 | D:6      | 5478 ||| INVOKING Spit Poison.
  5495 | D:6      | 5495 ||| INVOKING Spit Poison.
  5496 | D:6      | Reached skill level 3 in Dodging
  5582 | D:6      | 5582 ||| UPGRADING to +0 steam dragon scales.
  5592 | D:6      | 5592 ||| DROPPING +1 robe of Nawubet {Int+4}.
  5593 | D:6      | 5593 ||| DROPPING +6 ring of intelligence.
  5594 | D:6      | 5594 ||| DRINKING 3 amethyst potions.
  5595 | D:6      | 5595 ||| DRINKING 2 sedimented cyan potions.
  5596 | D:6      | 5596 ||| DRINKING 2 metallic brown potions.
  5597 | D:6      | 5597 ||| DROPPING potion of brilliance.
  5681 | D:7      | 5681 ||| INVOKING Heroism.
  5803 | D:7      | 5803 ||| INVOKING Spit Poison.
  5806 | D:7      | 5806 ||| INVOKING Spit Poison.
  5809 | D:7      | 5809 ||| INVOKING Spit Poison.
  5810 | D:7      | Reached skill level 1 in Armour
  5813 | D:7      | 5813 ||| INVOKING Heroism.
  5815 | D:7      | HP: 19/81 [killer bee (5)]
  5816 | D:7      | 5816 ||| READING 3 scrolls of teleportation.
  5817 | D:7      | 5817 ||| INVOKING Spit Poison.
  5818 | D:7      | HP: 8/81 [killer bee (3)]
  5820 | D:7      | HP: 3/81 [poisoned by a killer bee]
  5822 | D:7      | 5822 ||| DRINKING 2 potions of curing.
  5822 | D:7      | 5822 ||| (to cure poison)
  6039 | D:7      | 6039 ||| INVOKING Heroism.
  6065 | D:7      | 6065 ||| INVOKING Spit Poison.
  6077 | D:7      | 6077 ||| INVOKING Spit Poison.
  6078 | D:7      | Reached skill level 6 in Fighting
  6130 | D:7      | 6130 ||| INVOKING Spit Poison.
  6135 | D:7      | 6135 ||| INVOKING Spit Poison.
  6140 | D:7      | 6140 ||| INVOKING Spit Poison.
  6156 | D:7      | 6156 ||| INVOKING Spit Poison.
  6161 | D:7      | 6161 ||| INVOKING Spit Poison.
  6178 | D:7      | 6178 ||| INVOKING Spit Poison.
  6204 | D:7      | 6204 ||| Stepping ~*~*~tactically~*~*~ (outnumbered).
  6206 | D:7      | 6206 ||| Stepping ~*~*~tactically~*~*~ (outnumbered).
  6208 | D:7      | 6208 ||| INVOKING Spit Poison.
  6211 | D:7      | 6211 ||| INVOKING Spit Poison.
  6217 | D:7      | 6217 ||| INVOKING Spit Poison.
  6288 | D:7      | 6288 ||| INVOKING Spit Poison.
  6293 | D:7      | 6293 ||| INVOKING Spit Poison.
  6299 | D:7      | 6299 ||| INVOKING Spit Poison.
  6450 | D:7      | 6450 ||| INVOKING Spit Poison.
  6505 | D:7      | Found a glowing silver altar of Zin.
  6746 | D:7      | 6746 ||| SWAPPING to +0 arbalest.
  6747 | D:7      | 6747 ||| INVOKING Spit Poison.
  6748 | D:7      | 6748 ||| DROPPING +0 orcbow.
  6777 | D:7      | 6777 ||| INVOKING Spit Poison.
  6783 | D:7      | 6783 ||| INVOKING Spit Poison.
  6788 | D:7      | Reached skill level 10 in Ranged Weapons
  6813 | D:7      | 6813 ||| INVOKING Spit Poison.
  6852 | D:7      | 6852 ||| INVOKING Heroism.
  6853 | D:7      | 6853 ||| Stepping ~*~*~tactically~*~*~ (outnumbered).
  6868 | D:7      | 6868 ||| Stepping ~*~*~tactically~*~*~ (outnumbered).
  6869 | D:7      | 6869 ||| INVOKING Spit Poison.
  6873 | D:7      | 6873 ||| INVOKING Heroism.
  6875 | D:7      | 6875 ||| INVOKING Spit Poison.
  6878 | D:7      | 6878 ||| INVOKING Spit Poison.
  6881 | D:7      | 6881 ||| INVOKING Spit Poison.
  6967 | D:7      | 6967 ||| UPGRADING to +1 leather armour of cold resistance.
  6977 | D:7      | 6977 ||| DROPPING amulet of guardian spirit.
  6978 | D:7      | 6978 ||| READING 2 scrolls labelled AFIWEN NYASA.
  6979 | D:7      | 6979 ||| DROPPING scroll of fog.
  7021 | D:8      | 7021 ||| INVOKING Spit Poison.
  7055 | D:8      | 7055 ||| INVOKING Spit Poison.
  7076 | D:8      | Found a flagged portal.
  7077 | D:8      | 7077 ||| INVOKING Spit Poison.
  7078 | D:8      | 7078 ||| Stepping ~*~*~tactically~*~*~ (outnumbered).
  7080 | D:8      | 7080 ||| Stepping ~*~*~tactically~*~*~ (outnumbered).
  7082 | D:8      | 7082 ||| INVOKING Spit Poison.
  7324 | D:8      | 7324 ||| INVOKING Spit Poison.
  7328 | D:8      | 7328 ||| INVOKING Spit Poison.
  7330 | D:8      | 7330 ||| INVOKING Heroism.
  7334 | D:8      | 7334 ||| INVOKING Spit Poison.
  7335 | D:8      | HP: 13/86 [wyvern (15)]
  7336 | D:8      | 7336 ||| READING 2 scrolls of teleportation.
  7337 | D:8      | Slain by a wyvern

Levels and vault maps discovered:
D:1:      sevenhm_arrival_forest_fort_large_2, layout_rooms, nrook_campfire
D:2:      minmay_roachtagon, layout_basic
D:3:      layout_loops_ring, lemuel_round_altar, uniq_jessica
D:4:      layout_gridville, grunt_temple_overflow_magic_moments,
          grunt_decor_fettered, uniq_menkaure, uniq_sigmund
D:5:      layout_loops_corners, hex_large, minivault_5
D:6:      layout_loops_corners, minmay_temple_entry_trees,
          kennysheep_opposing_triangles
D:7:      layout_basic, lemuel_round_altar, st_stairs_2
D:8:      layout_loops_ring, cheibriados_altar_1, enter_bailey_3,
          kennysheep_generic_room_10
Temple:   bh_familiar_temple

Skill      XL: |  1  2  3  4  5  6  7  8  9 |
---------------+----------------------------+-----
Ranged Weapons | 4 5 6 7 9 10 | 10.2
Fighting       | 3 4 5 7 |  7.0
Dodging        | 2 3 |  3.1
Invocations    | 2 4 |  4.0
Armour         | 1 |  1.0
Stealth        | |  1.5

Action                     |  1- 3 |  4- 6 |  7- 9 || total
---------------------------+-------+-------+-------++-------
   Fire: Shortbow          |    84 |    60 |       ||   144
         Orcbow            |       |     8 |   247 ||   255
         Arbalest          |       |       |    46 ||    46
 Invoke: Heroism           |       |     1 |    15 ||    16
Ability: Spit Poison       |    33 |    18 |    82 ||   133
    Use: Scroll            |     3 |     2 |     6 ||    11
         Potion            |       |     3 |     5 ||     8
 Armour: Leather armour    |     8 |    30 |    20 ||    58
         Robe              |       |       |    20 ||    20
         Steam dragon scal |       |       |    43 ||    43
  Dodge: Dodged            |    25 |    18 |   139 ||   182

Table legend:
 A = Non-vault XP
 B = Vault XP
 C = Vault XP percentage of total XP
 D = Non-vault monster count
 E = Vault monster count
 F = Vault count percentage of total count
                 A         B        C        D         E       F
            +---------+---------+-------+---------+---------+-------
      Total |    3385 |     983 |  22.5 |     142 |      23 |  13.9
            +---------+---------+-------+---------+---------+-------
        D:1 |      28 |       0 |   0.0 |      17 |       0 |   0.0
        D:2 |      33 |      20 |  37.7 |      18 |      10 |  35.7
        D:3 |      99 |      37 |  27.2 |      17 |       1 |   5.6
        D:4 |     635 |     383 |  37.6 |      20 |       2 |   9.1
        D:5 |     625 |       0 |   0.0 |      17 |       0 |   0.0
        D:6 |     416 |     333 |  44.5 |      14 |       4 |  22.2
        D:7 |    1141 |     202 |  15.0 |      33 |       2 |   5.7
        D:8 |     408 |       8 |   1.9 |       6 |       4 |  40.0
            +---------+---------+-------+---------+---------+-------
